 Dungeon Sprint DCSS version 0.31-a0-8-gd14b0f4ee2 (webtiles) character file.

Game seed: 2900431502350464639

4132 Conn the Thaumaturge (level 10, -5/60 HPs)
             Began as an Octopode Fire Elementalist on May 7, 2023.
             Was a Priest of Sif Muna.
             Slain by a redback (10 damage)
             ... in the Dungeon (Sprint I: "Red Sonja").
             The game lasted 00:07:21 (1053 turns).

Conn the Thaumaturge (Octopode Fire Elementalist)   Turns: 1053, Time: 00:07:24

Health: -5/60      AC:  1    Str:  8    XL:     10   Next: 27%
Magic:  7/27       EV: 14    Int: 22    God:    Sif Muna [***...]
Gold:   788        SH:  0    Dex: 12    Spells: 24/36 levels left

rFire   . . .        h - +3 scythe (protect)
rCold   . . .        (shield currently unavailable)
rNeg    . . .        (helmet restricted)
rPois   .            (no amulet)
rElec   .            (no ring)
rCorr   .            (no ring)
SInv    .            (no ring)
Will    .....        (no ring)
Stlth   ++++         (no ring)
HPRegen 0.30/turn    (no ring)
MPRegen 0.20/turn    (no ring)
                     (no ring)

%: no teleportation
@: lethally poisoned (-5 -> -45), on blink cooldown
A: almost no armour, amphibious, 8 rings, camouflage 1, gelatinous body 1,
(nimble swimmer 1), tentacles
a: Renounce Religion, Channel Magic, Forget Spell


You were in the Dungeon.
You worshipped Sif Muna.
Sif Muna was most pleased with you.
You visited 1 branch You collected 986 gold pieces.
You spent 198 gold pieces at shops.

Inventory:

Hand Weapons
 g - a +0 dagger
 h - a +3 scythe of protection (weapon)
Missiles
 i - 2 curare-tipped darts (quivered)
Wands
 e - a wand of roots (7)
Scrolls
 f - 2 scrolls of blinking
 j - a scroll of identify {unknown}
Potions
 a - 3 potions of magic
 b - 3 potions of curing
 d - a potion of haste


   Skills:
 + Level 2.2 Fighting
 + Level 2.3 Polearms
 + Level 1.0 Throwing
 + Level 5.2 Dodging
 + Level 5.5 Stealth
 * Level 13.8 Spellcasting
 * Level 8.9 Conjurations
 + Level 1.1 Hexes
 * Level 6.0 Translocations
 + Level 12.1 Fire Magic
 * Level 6.6 Invocations
 + Level 1.2 Evocations


You had 24 spell levels left.
You knew the following spells:

 Your Spells              Type           Power      Damage    Failure   Level
a - Foxfire               Conj/Fire      100%       2x1d9     1%          1
b - Scorch                Fire           100%       2d9       1%          2
c - Inner Flame           Hex/Fire       44%        N/A       1%          3
d - Flame Wave            Conj/Fire      58%        2d14      1%          4
e - Blink                 Tloc           82%        N/A       1%          2

Your spell library contained the following spells:

 Spells                   Type           Power      Damage    Failure   Level
 Lesser Beckoning         Tloc           82%        N/A       1%          2
 Momentum Strike          Conj/Tloc      96%        3d10      1%          2
 Volatile Blastmotes      Fire/Tloc      100%       2d18      1%          3


Dungeon Overview and Level Annotations

Branches:
Dungeon (1/1)

Altars:
Cheibriados
Dithmenos
Elyvilon
Fedhas
Gozag
Hepliaklqana
Kikubaaqudgha
Makhleb
Nemelex Xobeh
Okawaru
Qazlal
Ru
Sif Muna
Trog
Uskayaw
Vehumet
Wu Jian
Xom
Yredelemnul
Zin
The Shining One
Jiyva
Lugonu

Shops:
D ?:[


Innate Abilities, Weirdness & Mutations

You cannot wear most types of armour.
You are amphibious.
You can wear up to eight rings at the same time.
Your skin changes colour to match your surroundings (Stealth+).
Your rubbery body absorbs attacks. (AC +1, EV +1)
((You are camouflaged when in or above water. (Stealth+)))
You have tentacles for arms and can constrict up to eight enemies at once.


Message History

Okay, then.
Casting: Scorch (safe; 1% risk of failure)
Confirm with . or Enter, or press ? or * to list all spells.
Casting: Flame Wave (dangerous; 1% risk of failure)
Press: ? - help, Dir - look around, f - activate A wave of flame ripples out!
The flame wave engulfs the redback!!
The redback is severely wounded. (Press . to intensify the flame waves.)
You feel extremely sick. The redback bites you!
Unknown command.
Unknown command.
A wave of flame ripples out!
The flame wave engulfs the redback.
The redback is lightly wounded.
The flame wave engulfs the redback!!
You kill the redback!
Sif Muna accepts your kill.
You feel extremely sick. The redback bites you. The redback misses you.
Your Translocations skill increases to level 6!
Unknown command.
A wave of flame ripples out!
The flame wave engulfs the redback!
The redback is heavily wounded.
You finish channelling waves of flame.
You feel very sick. The redback bites you!
* * * LOW HITPOINT WARNING * * *
You are more poisoned.
The redback poisons you!
You feel much better.
* * * LOW HITPOINT WARNING * * *
You feel extremely sick. The redback closely misses you.
The redback barely misses you.
Casting: Flame Wave (dangerous; 1% risk of failure)
Confirm with . or Enter, or press ? or * to list all spells.
You blink.
* * * LOW HITPOINT WARNING * * *
You feel extremely sick. The redback bites you!
You die...

####################
)..#..'..#__#..'.))#
#..'[.#..'..'..#...#
##'#####'#__####...+
#..#...#.####!§#####
####..##.#§~~§§#§$#
___##)#_.')~§§§s§.#
∩...'..._#~~~§§#@.#
.__##_.#'##'#####'#
___###'#.#[...###.'.
######)####'###(###.#
....'.÷.'.....'.∩# .#
+####...########## #
###.### #.#'#.#
#.....#


You could see a redback.

Vanquished Creatures
  2 centaur warriors (D)
  Sonja (D)
  A deep troll (D)
  An oklob plant (D)
  2 kobold demonologists (D)
  A hornet (D)
  Sigmund (D)
  A slime creature (D)
  A yak (D)
  A redback (D)
  A floating eye (D)
  An ogre (D)
  A jelly (D)
  Ijyb (D)
16 creatures vanquished.

Vanquished Creatures (others)
  2 ballistomycete spores (D)
  43 foxfires (D)
45 creatures vanquished.

Grand Total: 61 creatures vanquished

Notes
Turn   | Place    | Note
-------+----------+-------------------------------------------
     0 | D        | Conn the Octopode Fire Elementalist began the quest for the
                  | Orb.
     0 | D        | Reached XP level 1. HP: 11/11 MP: 3/3
    29 | D        | Noticed Ijyb
    37 | D        | Killed Ijyb
    38 | D        | Reached skill level 3 in Spellcasting
    38 | D        | Reached XP level 2. HP: 15/17 MP: 1/6
    38 | D        | Reached XP level 3. HP: 18/21 MP: 1/7
    68 | D        | Learned a level 2 spell: Scorch
    72 | D        | Learned a level 3 spell: Inner Flame
    89 | D        | Noticed an ogre
    94 | D        | Killed an ogre
    95 | D        | Reached skill level 5 in Spellcasting
    95 | D        | Reached XP level 4. HP: 27/27 MP: 3/11
   164 | D        | Learned a level 4 spell: Flame Wave
   166 | D        | Noticed Sigmund
   170 | D        | Killed Sigmund
   171 | D        | Reached skill level 5 in Stealth
   171 | D        | Reached skill level 6 in Spellcasting
   171 | D        | Reached skill level 5 in Conjurations
   171 | D        | Reached XP level 5. HP: 25/31 MP: 1/14
   171 | D        | Reached XP level 6. HP: 29/36 MP: 1/15
   278 | D        | Found an ornate altar of the Wu Jian Council.
   278 | D        | Found a shimmering blue altar of Sif Muna.
   280 | D        | Found a radiant altar of Vehumet.
   284 | D        | Reached skill level 7 in Spellcasting
   291 | D        | Became a worshipper of Sif Muna the Loreminder
   320 | D        | Found Leut's Book Emporium.
   320 | D        | Found an ancient bone altar of Kikubaaqudgha.
   320 | D        | Found a hazy altar of Hepliaklqana.
   320 | D        | Found a stormy altar of Qazlal.
   320 | D        | Found a hide-covered altar of Uskayaw.
   320 | D        | Found a blossoming altar of Fedhas.
   320 | D        | Found a bloodstained altar of Trog.
   320 | D        | Found an iron altar of Okawaru.
   320 | D        | Found a basalt altar of Yredelemnul.
   320 | D        | Found a glowing golden altar of the Shining One.
   320 | D        | Found a snail-covered altar of Cheibriados.
   320 | D        | Found a sacrificial altar of Ru.
   320 | D        | Found a glowing silver altar of Zin.
   320 | D        | Found a shadowy altar of Dithmenos.
   320 | D        | Found a white marble altar of Elyvilon.
   320 | D        | Noticed a yak
   326 | D        | Killed a yak
   327 | D        | Reached skill level 8 in Spellcasting
   327 | D        | Reached XP level 7. HP: 42/42 MP: 10/18
   329 | D        | Found an opulent altar of Gozag.
   330 | D        | Found a sparkling altar of Nemelex Xobeh.
   334 | D        | Bought a book of Spatial Translocations for 198 gold pieces
   338 | D        | Learned a level 2 spell: Blink
   380 | D        | Found a burning altar of Makhleb.
   380 | D        | Found a viscous altar of Jiyva.
   380 | D        | Found a shimmering altar of Xom.
   380 | D        | Found a corrupted altar of Lugonu.
   380 | D        | Noticed a slime creature
   384 | D        | Killed a slime creature
   385 | D        | Reached skill level 9 in Spellcasting
   471 | D        | Noticed Sonja
   473 | D        | Killed Sonja
   473 | D        | Reached * piety under Sif Muna
   474 | D        | Reached skill level 1 in Polearms
   474 | D        | Reached skill level 10 in Spellcasting
   474 | D        | Reached skill level 10 in Fire Magic
   474 | D        | Reached XP level 8. HP: 47/47 MP: 12/22
   572 | D        | Found Laemm's Magic Scroll Boutique.
   592 | D        | Noticed a deep troll
   600 | D        | Killed a deep troll
   601 | D        | Reached skill level 1 in Fighting
   601 | D        | Reached skill level 5 in Dodging
   601 | D        | Reached skill level 11 in Spellcasting
   601 | D        | Reached skill level 1 in Evocations
   601 | D        | Reached XP level 9. HP: 35/53 MP: 14/24
   614 | D        | Found Xanougug's Armour Emporium.
   709 | D        | Noticed a kobold demonologist
   712 | D        | Noticed a kobold demonologist
   713 | D        | Killed a kobold demonologist
   713 | D        | Reached ** piety under Sif Muna
   714 | D        | Killed a kobold demonologist
   715 | D        | Reached skill level 12 in Spellcasting
   715 | D        | Reached skill level 5 in Invocations
   772 | D        | Noticed a centaur warrior
   772 | D        | Noticed a centaur warrior
   784 | D        | Killed a centaur warrior
   785 | D        | Reached skill level 5 in Translocations
   892 | D        | Killed a centaur warrior
   893 | D        | Reached skill level 13 in Spellcasting
   893 | D        | Reached XP level 10. HP: 24/60 MP: 18/27
  1027 | D        | Reached *** piety under Sif Muna
  1033 | D        | Noticed an oklob plant
  1043 | D        | Killed an oklob plant
  1044 | D        | Reached skill level 1 in Throwing
  1044 | D        | Reached skill level 1 in Hexes
  1053 | D        | Slain by a redback

Illustrated notes

Levels and vault maps discovered:
D:        dungeon_sprint_1 [red_sonja_temple_1, red_sonja_temple_small_1]

Skill      XL: |  1  2  3  4  5  6  7  8  9 10 |
---------------+-------------------------------+-----
Stealth        | 3 4 5 |  5.5
Spellcasting   | 3 5 6 8 10 11 13 | 13.8
Conjurations   | 2 3 5 7 8 |  8.9
Fire Magic     | 4 6 8 10 11 12 | 12.1
Dodging        | 3 4 5 |  5.2
Polearms       | 1 2 |  2.3
Translocations | 2 3 5 6 |  6.0
Invocations    | 3 4 6 |  6.6
Fighting       | 1 2 |  2.2
Evocations     | 1 |  1.2
Throwing       | 1 |  1.0
Hexes          | 1 |  1.1

Action                     |  1- 3 |  4- 6 |  7- 9 | 10-12 || total
---------------------------+-------+-------+-------+-------++-------
  Melee: Unarmed           |     7 |       |       |       ||     7
         Tentacles         |     4 |       |     1 |       ||     5
         Constrict         |     1 |       |       |       ||     1
         Halberd           |       |     1 |     2 |       ||     3
  Throw: Dart              |       |       |     2 |     1 ||     3
   Cast: Foxfire           |     5 |     5 |    14 |     2 ||    26
         Scorch            |     1 |     8 |    13 |     5 ||    27
         Inner Flame       |       |       |     2 |     2 ||     4
         Flame Wave        |       |       |     1 |     1 ||     2
         Blink             |       |       |       |     1 ||     1
  Evoke: Wand              |     1 |       |       |       ||     1
    Use: Potion            |     1 |       |       |     1 ||     2
         Scroll            |       |       |     2 |       ||     2
 Armour: Skin              |     1 |       |     5 |       ||     6
  Dodge: Dodged            |     1 |     2 |     4 |     3 ||    10

Table legend: (Time is in decaauts)
 A = Elapsed time spent in this place.
 B = Non-inter-level travel time spent in this place.
 C = Inter-level travel time spent in this place.
 D = Time resting spent in this place.
 E = Time spent auto-exploring this place.
 F = Levels seen in this place.
 G = Mean time per level.
                   A        B        C        D        E       F      G
               +--------+--------+--------+--------+--------+-----+--------+
         Total |   1060 |   1060 |      0 |    602 |      0 |   1 | 1060.0 |
       Dungeon |   1060 |   1060 |      0 |    602 |      0 |   1 | 1060.0 |
               +--------+--------+--------+--------+--------+-----+--------+

Top non-repeatable levels by time:
       D: 1060 daAuts
